 Dungeon Crawl Stone Soup version 0.30-a0-782-ge64f9170bb (webtiles) character file.

Game seed: 2113809515829831764

62 jt the Trooper (level 3, -1/29 HPs)
             Began as a Mummy Cinder Acolyte on Feb 20, 2023.
             Was a High Priest of Ignis.
             Slain by an orc
             ... wielding a +0 flail
              (3 damage)
             ... on level 3 of the Dungeon.
             The game lasted 00:03:14 (2188 turns).

jt the Trooper (Mummy Cinder Acolyte)               Turns: 2188, Time: 00:03:14

Health: -1/29      AC:  3    Str: 17    XL:     3   Next: 85%
Magic:  1/5        EV: 11    Int: 15    God:    Ignis [*****.]
Gold:   126        SH:  0    Dex:  7    Spells: 2/4 levels left

rFire   . . .      SeeInvis .    a - -1 hand axe (flame)
rCold   + . .      Faith    +    (no shield)
rNeg    + + +      Spirit   .    b - +0 robe
rPois   ∞          Reflect  .    (no helmet)
rElec   .          Harm     .    (no cloak)
rCorr   .          Rampage  .    (no gloves)
Will    .....                    p - +0 pair of boots
Stlth   +                        (no amulet)
HPRegen 0.24/turn                (no ring)
MPRegen 0.09/turn                (no ring)

@: no status effects
A: cold resistance 1, negative energy resistance 3, torment resistance 2, heat
vulnerability 1, in touch with death 1, no potions, faith
a: Renounce Religion, Fiery Armour, Foxfire Swarm, Rising Flame


You were on level 3 of the Dungeon.
You worshipped Ignis.
Ignis was extremely pleased with you.
You visited 1 branch of the dungeon, and saw 3 of its levels.

You collected 126 gold pieces.

Inventory:

Hand Weapons
 a - a -1 hand axe of flaming (weapon)
 o - the +8 short sword "Impbane" {freeze, Contam rElec Str+5}
   (You found it on level 2 of the Dungeon)

   Str:       It affects your strength (+5).
   rElec:     It insulates you from electricity.
   Contam:    It causes magical contamination when unequipped.
 r - a +0 arbalest
Missiles
 d - 27 stones
 k - 4 poisoned darts
 n - 4 atropa-tipped darts
Armour
 b - a +0 robe (worn)
 c - a +0 leather armour
 e - a +0 ring mail
 p - a +0 pair of boots (worn)
Scrolls
 f - a scroll of blinking {unknown}
 g - a scroll of acquirement {unknown}
 h - 3 scrolls of teleportation {unknown}
 i - a scroll of torment {unknown}
 j - 2 scrolls of poison {unknown}
 l - a scroll of identify {unknown}
 m - 3 scrolls of immolation {unknown}
 q - a scroll of vulnerability {unknown}


   Skills:
 + Level 3.6 Fighting
 * Level 3.5 Axes
 - Level 1.3 Spellcasting
 - Level 2.4 Fire Magic


You had 2 spell levels left.
You knew the following spells:

 Your Spells              Type           Power      Damage    Failure   Level
a - Scorch                Fire           16%        2d6       13%         2

Your spell library contained the following spells:

 Spells                   Type           Power      Damage    Failure   Level
 Gell's Gravitas          Tloc           1%         N/A       56%         3
 Teleport Other           Tloc           1%         N/A       56%         3
 Dispersal                Tloc           0%         N/A       100%        6


Dungeon Overview and Level Annotations

Branches:
Dungeon (3/15)

Altars:
Cheibriados

Annotations:
D:1 1 runed translucent door


Innate Abilities, Weirdness & Mutations

You are immune to poison.
Your flesh is cold resistant. (rC+)
You are immune to negative energy. (rN+++)
You are immune to unholy pain and torment.
You are vulnerable to heat. (rF-)
You are in touch with the powers of death.
You do not drink.
You have a special connection with the divine. (Faith)


Message History

The kobold barely misses you.
You slash the kobold! You burn the kobold.
You kill the kobold!
The orc throws a boomerang.
The boomerang barely misses you.
The orc throws a boomerang.
The boomerang misses you. The orc misses you.
Items here: ( )) [ †.
You hit the orc but do no damage. Your punch misses the orc.
The orc hits you with a +0 flail.
You closely miss the orc. The orc hits you with a +0 flail.
You barely miss the orc. You punch the orc, but do no damage.
The orc hits you with a +0 flail.
You barely miss the orc. The orc barely misses you.
You hit the orc. You burn the orc.
The orc is moderately wounded.
The orc hits you with a +0 flail.
You hit the orc but do no damage.
The orc is moderately wounded.
The orc barely misses you.
You barely miss the orc.
The orc is moderately wounded.
The orc hits you with a +0 flail!
You are too injured to fight recklessly!
You are too injured to fight recklessly!
Casting: Scorch (safe; 13% risk of failure)
Confirm with . or Enter, or press ? or * to list all spells.
Flames lash the orc but do no damage.
The orc hits you with a +0 flail.
Casting: Scorch (safe; 13% risk of failure)
Confirm with . or Enter, or press ? or * to list all spells.
Flames lash the orc but do no damage.
The orc hits you with a +0 flail.
* * * LOW HITPOINT WARNING * * *
Casting: Scorch (safe; 13% risk of failure)
Confirm with . or Enter, or press ? or * to list all spells.
Okay, then.
You hit the orc but do no damage.
The orc is moderately wounded.
The orc hits you with a +0 flail.
* * * LOW HITPOINT WARNING * * *
The orc hits you with a +0 flail.
You die...

#.#####
#†.<)####.####
#.###..@o..?...
######.####


You could see an orc.

Vanquished Creatures
  2 adders (D:2)
  3 orcs (D:3)
  6 endoplasms
  4 giant cockroaches
  2 goblins (D:1)
  4 hobgoblins (D:1)
  4 ball pythons
  3 bats (D:1)
  A frilled lizard (D:2)
  4 kobolds
  8 rats
41 creatures vanquished.

Notes
Turn   | Place    | Note
-------+----------+-------------------------------------------
     0 | D:1      | jt the Mummy Cinder Acolyte began the quest for the Orb.
     0 | D:1      | Reached XP level 1. HP: 18/18 MP: 2/2
     1 | D:1      | Found a runed translucent door.
     3 | D:1      | Noticed a jelly
   171 | D:1      | Reached XP level 2. HP: 16/24 MP: 4/4
   174 | D:1      | Learned a level 2 spell: Scorch
   654 | D:1      | Found a faded altar of an unknown god.
  1228 | D:2      | Gained mutation: You are in touch with the powers of death.
                  | [Mummy growth]
  1228 | D:2      | Reached XP level 3. HP: 27/29 MP: 0/5
  1407 | D:2      | Found a snail-covered altar of Cheibriados.
  1450 | D:2      | Identified the +8 short sword "Impbane" {freeze, Contam
                  | rElec Str+5}
  2188 | D:3      | Slain by an orc

Illustrated notes

Levels and vault maps discovered:
D:1:      dpeg_arrival_caged_fury, layout_basic, ebering_ecumenical_altar_hall,
          amcnicky_mini_corridor_feature
D:2:      layout_loops_cross, basic_altar, kennysheep_donut, minmay_tall_x
D:3:      layout_loops_ring, gammafunk_ghost_cemetery, uniq_crazy_yiuf_cottage

Skill      XL: |  1  2 |
---------------+-------+-----
Axes           | 3 |  3.5
Fighting       | |  3.6
Spellcasting   | |  1.3
Fire Magic     | |  2.4

Action                     || total
---------------------------++-------
  Melee: Hand axe          ||    69
         Punch             ||     1
   Cast: Scorch            ||    25
 Armour: Robe              ||    13
  Dodge: Dodged            ||    37

Table legend: (Time is in decaauts)
 A = Elapsed time spent in this place.
 B = Non-inter-level travel time spent in this place.
 C = Inter-level travel time spent in this place.
 D = Time resting spent in this place.
 E = Time spent auto-exploring this place.
 F = Levels seen in this place.
 G = Mean time per level.
                   A        B        C        D        E       F      G
               +--------+--------+--------+--------+--------+-----+--------+
         Total |   2198 |   2161 |     37 |     97 |   1678 |   3 |  732.7 |
       Dungeon |   2198 |   2161 |     37 |     97 |   1678 |   3 |  732.7 |
               +--------+--------+--------+--------+--------+-----+--------+

Top non-repeatable levels by time:
     D:1: 1222 daAuts
     D:2: 948 daAuts
     D:3: 27 daAuts
